 Dungeon Crawl Stone Soup version 0.21.0 (webtiles) character file.

1003 straycat the Sneak (level 8, 0/52 HPs)
             Began as a Vampire Wanderer on Jan 7, 2018.
             Was a Follower of Hepliaklqana.
             Slain by Grinder (2 damage)
             ... on level 6 of the Dungeon.
             The game lasted 00:27:56 (5531 turns).

straycat the Sneak (Vampire Wanderer)               Turns: 5531, Time: 00:27:56

Health: 0/52       AC:  6    Str: 15    XL:     8   Next: 0%
Magic:  8/8        EV: 14    Int: 13    God:    Hepliaklqana [*.....]
Gold:   284        SH:  0    Dex: 13    Spells: 7/7 levels left

rFire    . . .     SeeInvis +   C - +0 rapier
rCold    . . .     Gourm    .   (no shield)
rNeg     . . .     Faith    .   r - +0 ring mail (curse)
rPois    .         Spirit   .   (no helmet)
rElec    .         Reflect  .   (no cloak)
rCorr    .         Harm     .   f - +0 pair of gloves
MR       .....                  (no boots)
Stlth    +++.......             (no amulet)
HPRegen  0.37/turn              (no ring)
MPRegen  0.11/turn              (no ring)

@: very slightly contaminated, regenerating quickly, invisible
A: reduced essence, fangs 3, see invisible, unbreathing
a: Recall Ancestor, Ancestor Identity, Renounce Religion


You were on level 6 of the Dungeon.
You worshipped Hepliaklqana.
Hepliaklqana was aware of your devotion.
You were full.

You visited 1 branch of the dungeon, and saw 6 of its levels.

You collected 284 gold pieces.

Inventory:

Hand Weapons
 a - a +2 dagger
 c - a +0 hand crossbow
 k - a cursed -2 hunting sling
 w - a +0 trident
 B - a +0 war axe
 C - a +0 rapier (weapon)
Missiles
 d - 25 bolts
 q - 8 javelins (quivered)
 x - 18 arrows
Armour
 f - a +0 pair of gloves (worn)
 m - a +0 scale mail
 r - a cursed +0 ring mail (worn)
 A - a +0 scale mail
Wands
 e - a wand of random effects (10)
Scrolls
 b - a scroll of fear {unknown}
 h - 7 scrolls of remove curse {unknown}
 i - 8 scrolls of identify {unknown}
 n - a scroll of enchant weapon {unknown}
 p - a scroll of immolation {unknown}
 t - 2 scrolls of random uselessness {unknown}
 u - 2 scrolls of teleportation {unknown}
 y - a scroll of blinking {unknown}
Potions
 g - 3 potions of curing {unknown}
 j - 3 potions of blood
 l - 4 potions of brilliance {unknown}
 s - a potion of agility {unknown}
 v - a potion of degeneration {unknown}
 z - a potion of lignification {unknown}
 D - 2 potions of haste {unknown}


   Skills:
 - Level 3.0 Fighting
 * Level 4.4 Short Blades
 - Level 1.0 Axes
 - Level 3.2 Armour
 * Level 7.0 Dodging
 + Level 7.1 Stealth
 - Level 1.0 Unarmed Combat
 - Level 1.0 Evocations


You had 7 spell levels left.
You didn't know any spells.

Dungeon Overview and Level Annotations

Branches:
Dungeon (6/15)
 Temple: D:4-7

Altars:
Ashenzari
Hepliaklqana
Sif Muna
Yredelemnul
The Shining One

Annotations:
D:6 Grinder


Innate Abilities, Weirdness & Mutations

Your natural rate of healing is unusually fast.
You have razor-sharp teeth.
You have supernaturally acute eyesight. (SInv)
You can survive without breathing.
Your life essence is reduced to manifest your ancestor. (-10% HP)


Message History

Grinder gestures at you.
You suddenly lose the ability to move!
Seras closely misses Grinder.
Grinder gestures at you.
You shrug off the repeated paralysis!
Seras hits Grinder.
Grinder hits you but does no damage.
Seras barely misses Grinder.
Grinder gestures at you. Pain shoots through your body!
* * * LOW HITPOINT WARNING * * *
You can move again.
Okay, then.
Unknown command.
You closely miss Grinder. You bite Grinder, but do no damage.
Grinder is almost dead.
Seras hits Grinder.
Grinder hits Seras.
You completely miss Grinder.
Grinder is almost dead.
Seras barely misses Grinder.
Grinder hits you.
You die...

#.# #.# #.# .5 ##.#
#.# #.. #..# #.# ##...
#..#####.##...#. ###
##..##..5.....>..
#...##......@R........
..........#.......####
............<.........
.......###+#########..
....... ... .......
.≈≈≈≈ #...##.#.≈≈;≈.
#### ###.≈≈≈≈.#
#.≈≈≈≈.#


You could see the friendly Seras the ancestor and Grinder.

Vanquished Creatures
  Eustachio (D:4)
  Menkaure (D:4)
  A phantom (D:4)
  An ogre (D:4)
  A bullfrog zombie (D:6)
  A hound (D:4)
  A centaur skeleton (D:4)
  An iguana (D:4)
  A worker ant (D:4)
  A hound skeleton (D:4)
  An adder (D:2)
  A shadow imp (D:2)
  2 oozes (D:3)
  4 worms
  2 dart slugs
  2 orcs (D:4)
  5 giant cockroaches
  A goblin (D:2)
  13 hobgoblins
  2 jackals (D:2)
  3 quokkas (D:3)
  3 ball pythons
  11 bats
  11 frilled lizards
  2 kobolds (D:2)
  A leopard gecko skeleton (D:4)
  7 rats
  A spectral orc (D:4)
82 creatures vanquished.

Vanquished Creatures (collateral kills)
  2 ogres (D:4)
  A bullfrog (D:6)
  2 bullfrog zombies
  An orc wizard (D:4)
  An orc (D:4)
  A bat (D:3)
8 creatures vanquished.

Vanquished Creatures (others)
  2 ancestors (D:4)
2 creatures vanquished.

Grand Total: 92 creatures vanquished

Notes
Turn   | Place    | Note
-------+----------+-------------------------------------------
     0 | D:1      | straycat the Vampire Wanderer began the quest for the Orb.
     0 | D:1      | straycat set off with: a +2 dagger, a potion of heal wounds, a +0 hand crossbow, 25 bolts, a wand of random effects (15), a +0 robe, a potion of blood
     0 | D:1      | Reached XP level 1. HP: 17/17 MP: 1/1
   214 | D:1      | Reached skill level 1 in Dodging
   218 | D:1      | Reached XP level 2. HP: 6/23 MP: 2/2
  1273 | D:2      | Found a glowing golden altar of the Shining One.
  1473 | D:3      | Reached XP level 3. HP: 11/29 MP: 3/3
  2597 | D:2      | Reached skill level 1 in Unarmed Combat
  2629 | D:3      | Reached XP level 4. HP: 33/35 MP: 4/4
  2734 | D:3      | Found a shattered altar of Ashenzari.
  3186 | D:3      | Found a hazy altar of Hepliaklqana.
  3199 | D:3      | Became a worshipper of Hepliaklqana the Forgotten
  3516 | D:4      | Noticed an ogre
  3522 | D:4      | Noticed Menkaure
  3525 | D:4      | Killed an ogre
  3525 | D:4      | Reached XP level 5. HP: 35/36 MP: 5/5
  3625 | D:4      | Noticed an ogre
  3637 | D:4      | Killed an ogre
  3637 | D:4      | Reached skill level 5 in Dodging
  3637 | D:4      | Reached skill level 5 in Stealth
  3637 | D:4      | Reached XP level 6. HP: 4/42 MP: 6/6
  3923 | D:4      | Found a deep blue altar of Sif Muna.
  4084 | D:4      | HP: 1/42 [ogre/giant spiked club (28)]
  4389 | D:4      | Reached skill level 1 in Short Blades
  4506 | D:4      | Reached XP level 7. HP: 30/46 MP: 7/7
  4667 | D:4      | Killed Menkaure
  4951 | D:4      | Found a basalt altar of Yredelemnul.
  5154 | D:4      | Noticed Eustachio
  5161 | D:4      | Killed Eustachio
  5198 | D:5      | Entered Level 5 of the Dungeon
  5198 | D:5      | Reached * piety under Hepliaklqana
  5274 | D:6      | Noticed Grinder
  5509 | D:6      | Reached XP level 8. HP: 34/52 MP: 8/8
  5522 | D:6      | Paralysed by Grinder for 2 turns
  5526 | D:6      | Paralysed by Grinder for 4 turns
  5529 | D:6      | HP: 2/52 [Grinder/nerve-wracking pain (14)]
  5531 | D:6      | Slain by Grinder

Skill      XL: |  1  2  3  4  5  6  7 |
---------------+----------------------+-----
Dodging        | 1 2 4 5 7 |  7.0
Stealth        | 2 3 4 5 6 7 |  7.1
Fighting       | 3 |  3.0
Unarmed Combat | 1 |  1.0
Short Blades   | 2 4 |  4.4
Axes           | |  1.0
Armour         | |  3.2
Evocations     | |  1.0

Action                   |  1- 3 |  4- 6 |  7- 9 || total
-------------------------+-------+-------+-------++-------
Melee: Dagger            |   197 |   135 |    33 ||   365
       Bite              |    12 |    12 |     7 ||    31
       Punch             |     1 |       |       ||     1
       Rapier            |       |       |    32 ||    32
Throw: Javelin           |       |     7 |       ||     7
Invok: Ancestor Identity |       |     1 |       ||     1
       Recall Ancestor   |       |       |     2 ||     2
Evoke: Wand              |       |     5 |       ||     5
  Use: Potion            |    12 |     8 |     4 ||    24
 Stab: Sleeping          |       |     2 |     3 ||     5
       Distracted        |       |     1 |     2 ||     3
  Eat: Corpse            |       |     1 |       ||     1
Armor: Robe              |    23 |       |       ||    23
       Ring mail         |    20 |    34 |    14 ||    68
Dodge: Dodged            |   129 |    76 |    28 ||   233
